 Dungeon Crawl Stone Soup version 0.29-a0-380-gf50f0a9fbc (webtiles) character file.

Game seed: 11333602800476972402

115 Antichthon the Covered (level 5, 33/36 HPs)
             Began as a Gargoyle Fighter on May 6, 2022.
             Quit the game on level 3 of the Dungeon.
             The game lasted 00:03:42 (2158 turns).

Antichthon the Covered (Gargoyle Fighter)           Turns: 2158, Time: 00:03:42

Health: 33/36      AC: 12    Str: 20    XL:     5   Next: 0%
Magic:  5/5        EV:  9    Int: 10    God:
Gold:   41         SH:  4    Dex:  9    Spells: 4/4 levels left

rFire   + . .      SeeInvis .   a - +0 flail (vorpal)
rCold   . . .      Faith    .   c - +0 buckler
rNeg    + . .      Spirit   .   b - +0 scale mail
rPois   ∞          Reflect  .   (no helmet)
rElec   +          Harm     .   (no cloak)
rCorr   .          Rampage  .   n - +0 pair of gloves
Will    .....                   (no boots)
Stlth   ..........              (no amulet)
HPRegen 0.12/turn               e - ring of protection from fire
MPRegen 0.09/turn               (no ring)

@: no status effects
A: sickness immunity, AC +4, negative energy resistance 1, electricity
resistance, torment resistance 1, petrification resistance, robust 1, screaming
1, inhibited regeneration, no potion heal 1, subdued magic 1, devolution 1
a: no special abilities


You were on level 3 of the Dungeon.
You visited 1 branch of the dungeon, and saw 3 of its levels.

You collected 165 gold pieces.
You spent 124 gold pieces at shops.

Inventory:

Hand Weapons
 a - a +0 vorpal flail (weapon)
Armour
 b - a +0 scale mail (worn)
 c - a +0 buckler (worn)
 n - a +0 pair of gloves (worn)
Jewellery
 e - a ring of protection from fire (left hand)
 i - an amulet of magic regeneration
Scrolls
 j - 3 scrolls of teleportation
Potions
 d - 3 potions of might
 f - a potion of haste
 h - 2 potions of heal wounds
 k - 2 potions of flight {unknown}
 l - a potion of curing {unknown}


   Skills:
 * Level 3.8 Fighting
 * Level 3.2 Maces & Flails
 * Level 4.0 Armour
 * Level 0.8 Dodging
 * Level 3.6 Shields
 * Level 1.0 Invocations


You had 4 spell levels left.
You didn't know any spells.
Your spell library contained the following spells:

 Spells                   Type           Power      Damage    Failure   Level
 Poisonous Vapours        Pois/Air       0%         N/A       89%         2
 Ignite Poison            Fire/Tmut/Pois 0%         N/A       98%         3
 Freezing Cloud           Conj/Ice/Air   0%         6-21      100%        5
 Conjure Ball Lightning   Conj/Air       0%         3x3d6     100%        6


Dungeon Overview and Level Annotations

Branches:
Dungeon (3/15)

Altars:
Elyvilon

Shops:
D:1 *


Innate Abilities, Weirdness & Mutations

You are immune to sickness and miasma.
Your stone body is resilient. (AC +4)
You are immune to poison.
You resist negative energy. (rN+)
You are resistant to electric shocks. (rElec)
You are resistant to unholy torment.
You are immune to petrification.
You are robust. (+10% HP)
You occasionally shout uncontrollably at your foes.
You do not regenerate when monsters are visible.
Potions are less effective at restoring your health.
Your spells are a little easier to cast, but a little less powerful.
You have hidden genetic defects.


Message History

There is an open door here.
Found a pair of gloves.
m - a scroll of identify A giant cockroach comes into view.
You see here a +0 pair of gloves.
n - a +0 pair of gloves You start putting on your armour.
You continue putting on your +0 pair of gloves.
The giant cockroach bites you but does no damage.
Keep equipping yourself?
You continue putting on your +0 pair of gloves.
The giant cockroach barely misses you.
You continue putting on your +0 pair of gloves.
The giant cockroach barely misses you.
You continue putting on your +0 pair of gloves.
The giant cockroach completely misses you.
You block the giant cockroach's attack.
You finish putting on your +0 pair of gloves.
You barely miss the giant cockroach. The giant cockroach closely misses you.
You barely miss the giant cockroach. You block the giant cockroach's attack.
The giant cockroach barely misses you.
You barely miss the giant cockroach.
The giant cockroach bites you but does no damage.
You hit the giant cockroach.
You kill the giant cockroach!
You have reached level 5!
As you read the scroll of identify, it crumbles to dust.
g - 2 potions of mutation Really quaff the potion of mutation?
You feel extremely strange.
You feel robust.
Your system partially rejects the healing effects of potions.
Your connection to magic feels subdued.
You feel agile.
Really quaff the potion of mutation?
You feel extremely strange.
You feel clumsy.
You feel frail.
Your regeneration stops near monsters.
You feel the urge to shout.
You feel a hidden malignance growing inside you.
You feel robust.
Are you sure you want to abandon this character and quit the game? (Confirm with "yes".)

####'####
#.##.##.##.## #.
#..........
#..............
+##.###.#.#...#...
..#.###.#.#...#...
#######...... .
#...#.#.
#.........# .
#...#.#. . #@# #.
#...#.#.
#.##.#####
#...#.#.
#.#......+
###...+.
#....##### # #.#.
###...# #. #.
##..# ###.###.
#..# ....... #..#
#....# #..# #.....


There were no monsters in sight!

Vanquished Creatures
  2 orc wizards (D:3)
  An adder (D:2)
  2 dart slugs
  3 orcs (D:3)
  2 bats
  4 endoplasms (D:1)
  4 giant cockroaches
  6 goblins
  3 hobgoblins
  6 kobolds
  4 quokkas
  6 ball pythons
  3 rats
46 creatures vanquished.

Notes
Turn   | Place    | Note
-------+----------+-------------------------------------------
     0 | D:1      | Antichthon the Gargoyle Fighter began the quest for the
                  | Orb.
     0 | D:1      | Reached XP level 1. HP: 14/14 MP: 1/1
   190 | D:1      | Reached XP level 2. HP: 19/19 MP: 2/2
   327 | D:1      | Got the Incunabulum of Floating Contamination
   524 | D:1      | Found Waank's Assorted Antiques.
   527 | D:1      | Bought a scroll labelled CEH OTOIMMU for 32 gold pieces
   666 | D:1      | Reached XP level 3. HP: 23/23 MP: 3/3
   714 | D:1      | Bought a scroll labelled ROYLEWK ZOTI for 32 gold pieces
   748 | D:2      | Found a faded altar of an unknown god.
  1479 | D:1      | Bought a lumpy red potion for 28 gold pieces
  1479 | D:1      | Bought a scroll labelled TEALUW SUANIGYFIES for 32 gold
                  | pieces
  1628 | D:3      | Reached XP level 4. HP: 17/29 MP: 4/4
  1656 | D:3      | Reached skill level 4 in Armour
  1927 | D:3      | Found a white marble altar of Elyvilon.
  1940 | D:3      | Reached skill level 1 in Invocations
  2155 | D:3      | Reached XP level 5. HP: 33/33 MP: 5/5
  2156 | D:3      | Gained mutation: You are robust. (+10% HP) [potion of
                  | mutation]
  2156 | D:3      | Gained mutation: Potions are less effective at restoring
                  | your health. [potion of mutation]
  2156 | D:3      | Gained mutation: Your spells are a little easier to cast,
                  | but a little less powerful. [potion of mutation]
  2156 | D:3      | Gained mutation: You are agile. (Dex +2) [potion of
                  | mutation]
  2157 | D:3      | Lost mutation: You are agile. (Dex +2) [potion of mutation]
  2157 | D:3      | Lost mutation: You are robust. (+10% HP) [potion of
                  | mutation]
  2157 | D:3      | Gained mutation: You do not regenerate when monsters are
                  | visible. [potion of mutation]
  2157 | D:3      | Gained mutation: You occasionally shout uncontrollably at
                  | your foes. [potion of mutation]
  2157 | D:3      | Gained mutation: You have hidden genetic defects. [potion
                  | of mutation]
  2157 | D:3      | Gained mutation: You are robust. (+10% HP) [potion of
                  | mutation]
  2158 | D:3      | Quit the game

Illustrated notes

Levels and vault maps discovered:
D:1:      matt_arrival_refuge, layout_rooms, serial_shops,
          nicolae_shop_behind_doors
D:2:      layout_loops_ring, hellmonk_ecumenical_altar_pennies_from_heaven
D:3:      layout_basic, lemuel_round_altar, old_standard_altar,
          minmay_fountain_box, minmay_misc_feat_rugged, dk_noncrumbling_3

Skill      XL: |  1  2  3  4 |
---------------+-------------+-----
Maces & Flails | 3 |  3.2
Armour         | 4 |  4.0
Invocations    | 1 |  1.0
Fighting       | |  3.8
Dodging        | |  0.8
Shields        | |  3.6

Action                   |  1- 3 |  4- 6 || total
-------------------------+-------+-------++-------
Melee: Flail             |   102 |    40 ||   142
  Use: Scroll            |     8 |     2 ||    10
       Potion            |       |     2 ||     2
Armor: Scale mail        |    71 |    34 ||   105
Dodge: Dodged            |    55 |    11 ||    66
Block: Buckler           |    33 |     6 ||    39

Table legend: (Time is in decaauts)
 A = Elapsed time spent in this place.
 B = Non-inter-level travel time spent in this place.
 C = Inter-level travel time spent in this place.
 D = Time resting spent in this place.
 E = Time spent auto-exploring this place.
 F = Levels seen in this place.
 G = Mean time per level.
                   A        B        C        D        E       F      G
               +--------+--------+--------+--------+--------+-----+--------+
         Total |   2203 |   2130 |     73 |      0 |   1632 |   3 |  734.3 |
       Dungeon |   2203 |   2130 |     73 |      0 |   1632 |   3 |  734.3 |
               +--------+--------+--------+--------+--------+-----+--------+

Top non-repeatable levels by time:
     D:2: 791 daAuts
     D:1: 768 daAuts
     D:3: 643 daAuts
